 Dungeon Crawl Stone Soup version 0.27-a0-965-gbf8bb431c4 (webtiles) character file.

Game seed: 193128038471598318

27154 robertstho the Thaumaturge (level 13, -7/86 HPs)
             Began as a Djinni Fire Elementalist on Apr 12, 2021.
             Was a High Priest of Makhleb.
             Mangled by a minotaur
             ... wielding the +7 war axe "Xotiapn" {freeze, rPois}
              (18 damage)
             ... in a Gauntlet.
             The game lasted 00:33:57 (17038 turns).

robertstho the Thaumaturge (DjFE)                  Turns: 17038, Time: 00:34:02

Health: -7/86      AC: 11    Str: 15    XL:     13   Next: 30%
Gold:   120        EV: 19    Int: 24    God:    Makhleb [*****.] SH:  5 Dex: 15

rFire    + + .     SeeInvis .   Q - +10 demon trident "Zeseech" {freeze, Str+2}
rCold    x . .     Faith    .   (no shield)
rNeg     . . .     Spirit   .   R - +0 troll leather armour
rPois    ∞         Reflect  +   W - +2 helmet {Int+3}
rElec    .         Harm     .   a - +1 cloak {rCorr}
rCorr    +         Rampage  .   d - +0 pair of gloves
Will     +....     NoTele   +   (boots unavailable)
Stlth    +++.......             N - amulet of reflection
HPRegen  1.24/turn              o - +4 ring of evasion
MPRegen  0.00/turn              k - +6 ring of strength

@: flying, very slightly contaminated, invisible
A: fire resistance 2, cold vulnerability 1, float, innate caster, hp casting,
extra vitality 1
a: Renounce Religion, Minor Destruction, Lesser Servant of Makhleb, Major
Destruction, Greater Servant of Makhleb


You were in a Gauntlet.
You worshipped Makhleb.
Makhleb was extremely pleased with you.
You visited 2 branches of the dungeon, and saw 15 of its levels.
You also visited: Sewer, Ossuary and Gauntlet.

You collected 948 gold pieces.
You spent 828 gold pieces at shops.

Inventory:

Hand Weapons
 n - a +3 dagger of venom
 Q - the +10 demon trident "Zeseech" (weapon) {freeze, Str+2}
   (You bought it in a shop on level 13 of the Dungeon)

   It has been specially enchanted to freeze those struck by it, causing extra
   injury to most foes and up to half again as much damage against particularly
   susceptible opponents.
   It can also slow down cold-blooded creatures.
   It affects your strength (+2).
Missiles
 b - 3 curare-tipped darts
 q - 4 atropa-tipped darts
Armour
 a - a +1 cloak of preservation (worn)
 d - a +0 pair of gloves (worn)
 m - a +1 robe of fire resistance
 R - a +0 troll leather armour (worn)
 W - a +2 helmet of intelligence (worn)
Jewellery
 c - a ring of positive energy
 k - a +6 ring of strength (right hand)
 o - a +4 ring of evasion (left hand)
 v - the ring of Mauhygo {Fly rElec Dex+6 Slay+2}
   (You found it in a Gauntlet)

   [ring of dexterity]

   It affects your dexterity (+6).
   It affects your accuracy and damage with ranged weapons and melee attacks
   (+2).
   It insulates you from electricity.
   It grants you flight.
 I - a ring of ice
 M - a ring of wizardry
 N - an amulet of reflection (around neck)
 O - a ring of fire
Wands
 t - a wand of polymorph (21)
 u - a wand of paralysis (4)
 E - a wand of flame (28)
 P - a wand of iceblast (14)
 V - a wand of acid (8)
Scrolls
 g - 3 scrolls of brand weapon {unknown}
 j - 3 scrolls of enchant weapon {unknown}
 l - 2 scrolls of magic mapping {unknown}
 p - 2 scrolls of blinking {unknown}
 r - a scroll of summoning
 s - 7 scrolls of enchant armour
 w - a scroll of immolation {unknown}
 y - a scroll of holy word {unknown}
 D - a scroll of torment {unknown}
 F - 4 scrolls of fear
 G - 2 scrolls of teleportation
 K - a scroll of noise {unknown}
 T - 3 scrolls of fog
Potions
 e - 4 potions of mutation
 f - a potion of attraction
 h - 2 potions of haste
 i - a potion of brilliance
 x - 2 potions of magic
 z - 2 potions of curing
 A - 2 potions of might
 B - 2 potions of lignification
 C - 2 potions of heal wounds
 H - a potion of ambrosia
 J - a potion of invisibility
 L - a potion of berserk rage
 S - a potion of cancellation


   Skills:
 + Level 5.5 Fighting
 + Level 3.0(3.3) Short Blades
 + Level 2.0(2.9) Long Blades
 + Level 0.3 Polearms
 + Level 3.9 Armour
 + Level 7.8 Dodging
 + Level 5.2 Stealth
 + Level 2.2 Shields
 + Level 13.5 Spellcasting
 * Level 9.3 Invocations
 + Level 2.5 Evocations


You had 4 spell levels left.
You knew the following spells:

 Your Spells              Type           Power      Damage    Failure   Level
a - Foxfire               Conj/Fire      100%       2x1d9     1%          1
b - Conjure Flame         Conj/Fire      69%        6-21      1%          3
c - Inner Flame           Hex/Fire       69%        N/A       1%          3
d - Sticky Flame          Conj/Fire      69%        2d8       1%          4
e - Fireball              Conj/Fire      34%        3d14      1%          5
f - Freeze                Ice            100%       1d11      1%          1
g - Searing Ray           Conj           100%       3d7       1%          2
h - Swiftness             Air            69%        N/A       1%          2
i - Airstrike             Air            34%        N/A       1%          4
j - Summon Mana Viper     Hex/Summ       69%        N/A       1%          5
k - Agony                 Necr           69%        N/A       1%          5
Your spell library was empty.

Dungeon Overview and Level Annotations

Branches:
Dungeon (14/15)            Temple (1/1) D:4            Lair (0/6) D:11
    Orc (0/2) D:10          Sewer (visited)         Ossuary (visited)
Gauntlet (1/1)
 Vaults: D:13-14

Altars:
Ashenzari
Cheibriados
Dithmenos
Elyvilon
Fedhas
Gozag
Hepliaklqana
Kikubaaqudgha
Makhleb
Nemelex Xobeh
Okawaru
Qazlal
Ru
Sif Muna
Trog
Uskayaw
Vehumet
Wu Jian
Xom
Yredelemnul
Zin
The Shining One

Shops:
D:5 :   D:9 [   D:13 (?*([

Annotations:
D:4 Duvessa Gauntlet 10 transporters, 17 runed translucent doors


Innate Abilities, Weirdness & Mutations

You are immune to poison.
Your flesh is very heat resistant. (rF++)
You are vulnerable to cold. (rC-)
You float through the air rather than walking.
You learn spells naturally, not from books.
Your magical power is your life essence.
You have superior vitality. (+4 HP)


Message History

Press: ? - help, Shift-Dir - straight line, f/p - minotaur
Aim: a minotaur, wielding the +7 war axe "Xotiapn" {freeze, rPois}, wearing a +0 chain mail, wearing an amulet of reflection and quivering javelins (heavily wounded)
The fireball explodes!
The fireball engulfs the minotaur!!
The minotaur is severely wounded.
The minotaur throws a javelin.
The javelin pierces through you!!
* * * LOW HITPOINT WARNING * * *
Casting: Fireball (dangerous; 1% risk of failure)
Confirm with . or Enter, or press ? or * to list all spells.
You don't know that spell.
Unknown command.
You feel much better.
The minotaur throws a javelin.
The javelin pierces through you!
You fade into invisibility!
You are very lightly contaminated with residual magic.
Casting: Fireball (dangerous; 1% risk of failure)
Confirm with . or Enter, or press ? or * to list all spells.
Aiming: Sticky Flame (safe; 1% risk of failure)
Press: ? - help, Shift-Dir - straight line, f - you, p - minotaur That beam is likely to hit you.
Continue anyway?
Okay, then.
Casting: Sticky Flame (safe; 1% risk of failure)
Confirm with . or Enter, or press ? or * to list all spells.
Aiming: Fireball (dangerous; 1% risk of failure)
Press: ? - help, Shift-Dir - straight line, f - minotaur
Aim: a minotaur, wielding the +7 war axe "Xotiapn" {freeze, rPois}, wearing a +0 chain mail, wearing an amulet of reflection and quivering javelins (severely wounded)
The fireball explodes!
The fireball engulfs the minotaur!
The minotaur is almost dead.
Casting: Fireball (dangerous; 1% risk of failure)
Confirm with . or Enter, or press ? or * to list all spells.
Aiming: Sticky Flame (safe; 1% risk of failure)
Press: ? - help, Shift-Dir - straight line, f/p - minotaur
Aim: a minotaur, wielding the +7 war axe "Xotiapn" {freeze, rPois}, wearing a +0 chain mail, wearing an amulet of reflection and quivering javelins (almost dead, 0% to evade)
The sticky flame hits the minotaur but does no damage.
The minotaur is almost dead.
The minotaur is covered in liquid flames!
The minotaur burns!
The minotaur hits you with the +7 war axe "Xotiapn" {freeze, rPois}!!
* * * LOW HITPOINT WARNING * * *
The minotaur freezes you!!
You die...

##########.#########.#########
#8# #§............... #8# ###
#8§8.8.8.8.8.8.8. ###
#≈...............
#########.####### #####.#
#.....# #.####### #.#@....#
#.#H###.# #.#.# #.# #.#.# #.#
#.#.# #.# #.#.. #.# #.#####.#
#.......# #########


You could see a minotaur (burning).

Vanquished Creatures
  3 hydras
  A catoblepas (D:10)
  A centaur warrior (D:13)
  4 two-headed ogres
  A sixfirhy (Gauntlet)
  2 glowing orange brains (Gauntlet)
  An ugly thing (Gauntlet)
  A gargoyle (D:12)
  6 kobold demonologists (D:12)
  A komodo dragon (D:10)
  An ice devil (D:13)
  6 trolls
  A hornet (D:10)
  A raiju (Gauntlet)
  5 slime creatures
  Sigmund (D:4)
  2 water elementals (D:13)
  4 shadows
  12 yaks
  4 wraiths
  3 vampire mosquitoes (D:12)
  4 steam dragons
  Menkaure (Ossuary)
  3 water moccasins
  7 orc warriors
  An ice beast (D:7)
  2 black bears (D:5)
  2 ogres
  2 necrophages
  A centaur (D:10)
  A phantom (D:4)
  5 kobold brigands
  Blork the orc (D:4)
  4 bullfrogs
  3 scorpions
  A troll zombie (Ossuary)
  A water moccasin skeleton (D:7)
  Dowan (D:4)
  20 killer bees
  9 electric eels
  5 howler monkeys
  4 crimson imps (D:13)
  An orc priest (D:8)
  Crazy Yiuf (D:7)
  9 centaur zombies
  2 hounds
  2 centaur skeletons
  3 iguanas
  A scorpion zombie (D:5)
  8 orc wizards
  A killer bee zombie (D:7)
  3 ogre zombies (Ossuary)
  6 mummies (Ossuary)
  A howler monkey zombie (D:5)
  6 gnolls
  13 adders
  A howler monkey skeleton (D:7)
  A shadow imp (D:6)
  6 white imps
  4 ufetubi
  An adder skeleton (D:4)
  4 adder zombies (Ossuary)
  3 worms
  2 dart slugs (D:1)
  33 orcs
  23 ball pythons
  6 bats
  10 endoplasms
  8 giant cockroaches
  A gnoll zombie (Ossuary)
  4 goblins
  4 hobgoblins
  22 kobolds
  10 quokkas
  11 frilled lizards
  5 goblin zombies (Ossuary)
  6 hobgoblin zombies (Ossuary)
  5 kobold zombies (Ossuary)
  An orc zombie (Ossuary)
  6 rats
  3 rat zombies (Ossuary)
376 creatures vanquished.

Vanquished Creatures (collateral kills)
  13 foxfires (D:1)
13 creatures vanquished.

Vanquished Creatures (others)
  An orc wizard (D:10)
  20 demonic plants (Gauntlet)
  675 foxfires
  A fungus (Gauntlet)
  75 plants
772 creatures vanquished.

Grand Total: 1161 creatures vanquished

Notes
Turn   | Place    | Note
-------+----------+-------------------------------------------
     0 | D:1      | robertstho the Djinni Fire Elementalist began the quest for
                  | the Orb.
     0 | D:1      | Reached XP level 1. HP: 15/15 MP: 0/0
   295 | D:1      | Reached skill level 3 in Spellcasting
   295 | D:1      | Reached XP level 2. HP: 9/21 MP: 0/0
  1088 | D:1      | Reached XP level 3. HP: 24/25 MP: 0/0
  1088 | D:1      | Learned a level 1 spell: Freeze
  1553 | D:2      | Reached XP level 4. HP: 31/31 MP: 0/0
  1566 | D:2      | Reached skill level 4 in Spellcasting
  2852 | D:3      | Reached XP level 5. HP: 23/35 MP: 0/0
  2852 | D:3      | Learned a level 2 spell: Searing Ray
  3350 | D:3      | Found a shadowy altar of Dithmenos.
  3776 | D:4      | Noticed a necrophage
  3782 | D:4      | Killed a necrophage
  3783 | D:4      | Reached skill level 5 in Spellcasting
  3783 | D:4      | Reached XP level 6. HP: 38/41 MP: 0/0
  3820 | D:4      | Noticed Sigmund
  3826 | D:4      | Killed Sigmund
  3827 | D:4      | Reached XP level 7. HP: 43/46 MP: 0/0
  3827 | D:4      | Learned a level 2 spell: Swiftness
  3885 | D:4      | Noticed Blork the orc
  3893 | D:4      | Killed Blork the orc
  3894 | D:4      | Reached skill level 6 in Spellcasting
  4366 | D:4      | Noticed Dowan
  4391 | D:4      | Killed Dowan
  4607 | D:4      | Reached skill level 1 in Fighting
  4790 | D:4      | Found a blossoming altar of Fedhas.
  4794 | D:4      | Found a hazy altar of Hepliaklqana.
  4905 | D:4      | Noticed Duvessa
  4994 | D:4      | Found a staircase to the Ecumenical Temple.
  5004 | Temple   | Entered the Ecumenical Temple
  5192 | Temple   | Became a worshipper of Makhleb the Destroyer
  5282 | D:5      | Entered Level 5 of the Dungeon
  5516 | D:5      | Found Yptuci's Book Shoppe.
  5593 | D:5      | Reached skill level 7 in Spellcasting
  5593 | D:5      | Reached skill level 1 in Invocations
  5593 | D:5      | Reached XP level 8. HP: 43/52 MP: 0/0
  5865 | D:5      | Found a hide-covered altar of Uskayaw.
  6270 | D:6      | Identified the -6 helmet "Amemope" {Rampage}
  6645 | D:6      | Found a glowing drain.
  6677 | Sewer    | Entered a sewer
  6825 | Sewer    | Reached * piety under Makhleb
  7111 | Sewer    | Reached skill level 8 in Spellcasting
  7119 | Sewer    | Reached XP level 9. HP: 45/58 MP: 0/0
  7119 | Sewer    | Learned a level 4 spell: Airstrike
  7432 | D:6      | Reached ** piety under Makhleb
  8363 | D:7      | Found a sand-covered staircase.
  8372 | Ossuary  | Entered an ossuary
  8837 | Ossuary  | Reached *** piety under Makhleb
  9145 | Ossuary  | Noticed Menkaure
  9146 | Ossuary  | Killed Menkaure
  9147 | Ossuary  | Reached skill level 9 in Spellcasting
  9458 | D:7      | Reached skill level 5 in Invocations
  9728 | D:7      | Reached XP level 10. HP: 69/69 MP: 0/0
  9908 | D:7      | Found a runed translucent door.
  9909 | D:7      | Noticed Crazy Yiuf
 10072 | D:7      | Killed Crazy Yiuf
 10303 | D:8      | Reached skill level 10 in Spellcasting
 10632 | D:8      | Reached XP level 11. HP: 69/74 MP: 0/0
 10632 | D:8      | Learned a level 5 spell: Summon Mana Viper
 10635 | D:8      | Reached skill level 5 in Stealth
 10643 | D:8      | Reached **** piety under Makhleb
 10827 | D:8      | Found a sparkling altar of Nemelex Xobeh.
 11729 | D:9      | Found Ruemn's Antique Armour Emporium.
 12150 | D:10     | Entered Level 10 of the Dungeon
 12202 | D:10     | Noticed a two-headed ogre
 12207 | D:10     | Killed a two-headed ogre
 12475 | D:10     | Noticed a two-headed ogre
 12481 | D:10     | Killed a two-headed ogre
 12482 | D:10     | Reached skill level 5 in Fighting
 12493 | D:10     | Reached skill level 11 in Spellcasting
 12713 | D:10     | Noticed a catoblepas
 12726 | D:10     | Killed a catoblepas
 12852 | D:10     | Reached XP level 12. HP: 56/81 MP: 0/0
 12989 | D:10     | Noticed a seven-headed hydra
 12998 | D:10     | Killed a seven-headed hydra
 13353 | D:10     | Found a staircase to the Orcish Mines.
 13724 | D:11     | Reached skill level 12 in Spellcasting
 13901 | D:11     | Noticed a two-headed ogre
 13910 | D:11     | Killed a two-headed ogre
 14258 | D:11     | Found a staircase to the Lair.
 14578 | D:12     | Noticed a two-headed ogre
 14583 | D:12     | Killed a two-headed ogre
 14748 | D:12     | Noticed a five-headed hydra
 14753 | D:12     | Killed a five-headed hydra
 14863 | D:12     | Reached ***** piety under Makhleb
 15253 | D:12     | Reached skill level 13 in Spellcasting
 15586 | D:13     | Found Nuockea's Antique Weapon Shoppe.
 15590 | D:13     | Bought a shimmering demon trident for 640 gold pieces
 15590 | D:13     | Identified the +10 demon trident "Zeseech" {freeze, Str+2}
                  | (You bought it in a shop on level 13 of the Dungeon)
 15611 | D:13     | Noticed a seven-headed hydra
 15619 | D:13     | Killed a seven-headed hydra
 15620 | D:13     | Reached XP level 13. HP: 75/86 MP: 0/0
 15620 | D:13     | Learned a level 5 spell: Agony
 15672 | D:13     | Found Cuihug's Magic Scroll Emporium.
 15713 | D:13     | Bought a scroll of identify for 26 gold pieces
 15713 | D:13     | Bought a scroll of fear for 45 gold pieces
 15713 | D:13     | Bought a scroll of identify for 26 gold pieces
 15713 | D:13     | Bought a scroll of identify for 26 gold pieces
 15713 | D:13     | Bought a scroll of identify for 26 gold pieces
 15845 | D:13     | Found Sucruyg's Assorted Antiques.
 15848 | D:13     | Bought a scroll labelled YNNAUH ROIKHLYI for 39 gold pieces
 16096 | D:13     | Found Sebegoos's Armour Emporium.
 16189 | D:13     | Found Soedaogg's Weapon Shop.
 16498 | D:14     | Found a gate leading to a gauntlet.
 16503 | Gauntlet | Entered a Gauntlet
 16503 | Gauntlet | Found a transporter.
 16503 | Gauntlet | Found a transporter.
 16508 | Gauntlet | Found a transporter.
 16523 | Gauntlet | Found a transporter.
 16541 | Gauntlet | Found a transporter.
 16550 | Gauntlet | Found a transporter.
 16638 | Gauntlet | Found a transporter.
 16653 | Gauntlet | Found a transporter.
 16655 | Gauntlet | Found a large runed translucent door.
 16656 | Gauntlet | Found a large runed translucent door.
 16657 | Gauntlet | Found a large runed translucent door.
 16657 | Gauntlet | Found a large runed translucent door.
 16670 | Gauntlet | Found a transporter.
 16682 | Gauntlet | Found a transporter.
 16698 | Gauntlet | Found a transporter.
 16712 | Gauntlet | Found a large runed translucent door.
 16765 | Gauntlet | Found a transporter.
 16767 | Gauntlet | Found a large runed translucent door.
 16768 | Gauntlet | Found a large runed translucent door.
 16769 | Gauntlet | Found a large runed translucent door.
 16769 | Gauntlet | Found a large runed translucent door.
 16769 | Gauntlet | Found a runed translucent door.
 16769 | Gauntlet | Found a runed translucent door.
 16770 | Gauntlet | Found a transporter.
 16770 | Gauntlet | Found a large runed translucent door.
 16771 | Gauntlet | Found a large runed translucent door.
 16772 | Gauntlet | Found a large runed translucent door.
 16772 | Gauntlet | Found a large runed translucent door.
 16773 | Gauntlet | Found a runed translucent gate.
 16780 | Gauntlet | Found a transporter.
 16785 | Gauntlet | Found a transporter.
 16788 | Gauntlet | Found a transporter.
 16803 | Gauntlet | Found a runed translucent gate.
 16803 | Gauntlet | Found a runed translucent gate.
 16858 | Gauntlet | Found a large runed translucent door.
 16859 | Gauntlet | Found a large runed translucent door.
 16860 | Gauntlet | Found a large runed translucent door.
 16956 | Gauntlet | Identified the ring of Mauhygo {Fly rElec Dex+6 Slay+2}
 17030 | Gauntlet | Identified the +7 war axe "Xotiapn" {freeze, rPois}
 17030 | Gauntlet | Noticed a minotaur
 17038 | Gauntlet | Mangled by a minotaur

Illustrated notes

Levels and vault maps discovered:
D:1:      minmay_arrival_hallway, layout_rooms, serial_bayou_lake_a
D:2:      layout_basic, minmay_snake_closets
D:3:      layout_loops_ring, lemuel_coloured_pillars_altar
D:4:      layout_cave_pools, nicolae_overflow_hidden_temple,
          minmay_temple_entry_poolview, uniq_sigmund, uniq_duvessa,
          uniq_blork_the_orc
D:5:      layout_gridville, chequers_temple_overflow_statue_of_worship,
          serial_shops, nicolae_shop_trees
D:6:      wander_river, layout_basic, gup_sewer_entry_glass,
          hangedman_decor_clover_reticule, amcnicky_mini_corridor_feature,
          minmay_crystal_water
D:7:      layout_cave_pools, nicolae_ossuary_entry_ruins, serial_column_ruins,
          column_ruins_hut, column_ruins_open_large,
          column_ruins_columns_corner, column_ruins_columns_straight,
          uniq_crazy_yiuf_cottage
D:8:      layout_basic, lemuel_crystal_altar
D:9:      layout_roguey, serial_shops, nicolae_shop_behind_doors
D:10:     layout_cave_pools, hiddenorc1_lemuel, minmay_misc_feat_columns,
          minmay_variable_closet, grunt_ministairs_5, evilmike_minifort
D:11:     layout_cave_pools, lair_entry_dummy
D:12:     layout_loops_cross
D:13:     layout_irregular_city, serial_shops, nicolae_shop_trees,
          nicolae_shop_behind_doors, nicolae_shop_behind_doors,
          nicolae_shop_behind_doors, nicolae_shop_stone, serial_bayou,
          serial_bayou_pond_a, serial_bayou_lagoon_a, serial_bayou_lagoon_b,
          serial_bayou_shore_a, serial_bayou_pond_c, minmay_fire_ice_demons
D:14:     minmay_the_grid_plus [minmay_the_grid_minigrid_medium,
          minmay_the_grid_broken_lines, minmay_the_grid_fan,
          minmay_the_grid_minigrid_small,
          minmay_the_grid_prize_four_corners_diamond_b], layout_rooms,
          david_vaults_3, minmay_misc_feat_chi, serial_shops, kennysheep_mini,
          gauntlet_entry_generic, uniq_frances
Temple:   nicolae_temple_elliptical
Gauntlet: gammafunk_gauntlet_branching [nicolae_gauntlet_arena_t_cross,
          gammafunk_gauntlet_arena_crates, nicolae_gauntlet_arena_blocks,
          minmay_gauntlet_arena_make_your_own_arena,
          gammafunk_gauntlet_arena_chambers,
          gammafunk_gauntlet_arena_arrow_garden,
          gammafunk_gauntlet_arena_hedges, gammafunk_gauntlet_arena_split_x,
          gauntlet_exit_spiral]

Skill      XL: |  1  2  3  4  5  6  7  8  9 10 11 12 13 |
---------------+----------------------------------------+-----
Spellcasting   | 3 4 5 7 8 9 10 11 13 | 13.5
Stealth        | 2 3 4 5 |  5.2
Dodging        | 3 4 6 7 |  7.8
Fighting       | 1 4 5 |  5.5
Invocations    | 1 2 6 7 9 |  9.3
Short Blades   | 2 3 |  3.0
Long Blades    | 2 |  2.0
Armour         | 3 |  3.9
Shields        | 2 |  2.2
Evocations     | 2 |  2.5
Polearms       | |  0.3

Action                   |  1- 3 |  4- 6 |  7- 9 | 10-12 | 13-15 || total
-------------------------+-------+-------+-------+-------+-------++-------
Melee: Dagger            |       |       |    10 |    46 |       ||    56
       Demon trident     |       |       |       |       |     8 ||     8
 Cast: Foxfire           |    58 |    70 |   251 |    13 |       ||   392
       Sticky Flame      |       |       |    24 |    50 |     8 ||    82
       Inner Flame       |       |       |     1 |       |       ||     1
       Fireball          |       |       |    18 |   180 |    30 ||   228
       Airstrike         |       |       |       |       |    12 ||    12
  Use: Scroll            |       |     3 |    10 |     5 |     7 ||    25
       Potion            |       |       |     1 |       |     5 ||     6
 Stab: Sleeping          |       |       |     2 |       |       ||     2
Armor: Robe              |       |     7 |    13 |    20 |       ||    40
       Troll leather arm |       |       |       |     6 |     3 ||     9
Dodge: Dodged            |     4 |     9 |    65 |   122 |    38 ||   238

Table legend: (Time is in decaauts)
 A = Elapsed time spent in this place.
 B = Non-inter-level travel time spent in this place.
 C = Inter-level travel time spent in this place.
 D = Time resting spent in this place.
 E = Time spent auto-exploring this place.
 F = Levels seen in this place.
 G = Mean time per level.
                   A        B        C        D        E       F      G
               +--------+--------+--------+--------+--------+-----+--------+
         Total |  17055 |  16530 |    525 |   2522 |  11652 |  18 |  947.5 |
       Dungeon |  14823 |  14365 |    458 |   2485 |  10122 |  14 | 1058.8 |
        Temple |    225 |    159 |     66 |      0 |    158 |   1 |  225.0 |
         Sewer |    567 |    567 |      0 |      0 |    321 |   1 |  567.0 |
       Ossuary |    889 |    889 |      0 |      0 |    706 |   1 |  889.0 |
      Gauntlet |    548 |    548 |      0 |     37 |    345 |   1 |  548.0 |
               +--------+--------+--------+--------+--------+-----+--------+

Top non-repeatable levels by time:
    D:10: 1706 daAuts
     D:3: 1668 daAuts
     D:6: 1365 daAuts
     D:8: 1268 daAuts
     D:1: 1217 daAuts
     D:2: 1167 daAuts
    D:13: 1042 daAuts
     D:7: 1030 daAuts
    D:12: 1006 daAuts
     D:4: 1001 daAuts
     D:5: 984 daAuts
 Ossuary: 889 daAuts
     D:9: 766 daAuts
    D:11: 593 daAuts
   Sewer: 567 daAuts
